 Dungeon Crawl Stone Soup version 0.24-a0-347-g1a3e1d35ff (webtiles) character file.

Game seed: 15497386865987733226

112 TheOvate the Digger (level 4, -5/24 HPs)
             Began as a Gargoyle Earth Elementalist on May 22, 2019.
             Killed by divine providence
             ... invoked by an orc priest
              (13 damage)
             ... on level 3 of the Dungeon.
             The game lasted 00:08:14 (2194 turns).

TheOvate the Digger (Gargoyle Earth Elementalist)   Turns: 2194, Time: 00:08:15

Health: -5/24      AC:  6    Str: 11    XL:     4   Next: 93%
Magic:  9/9        EV: 12    Int: 23    God:
Gold:   164        SH:  0    Dex: 10    Spells: 5/9 levels left

rFire    + . .     SeeInvis .   q - +2 mace (protect)
rCold    . . .     Gourm    .   (no shield)
rNeg     + . .     Faith    .   c - +0 robe
rPois    ∞         Spirit   .   (no helmet)
rElec    +         Reflect  .   (no cloak)
rCorr    .         Harm     .   m - +0 pair of gloves
MR       .....                  (no boots)
Stlth    ++........             (no amulet)
HPRegen  0.08/turn              p - ring of protection from fire
MPRegen  0.11/turn              r - +6 ring of intelligence

@: very slightly contaminated
A: negative energy resistance 1, electricity resistance, unbreathing,
petrification resistance, rot immunity, AC +3
a: no special abilities


You were on level 3 of the Dungeon.
You were not hungry.

You visited 1 branch of the dungeon, and saw 3 of its levels.

You collected 164 gold pieces.

Inventory:

Hand Weapons
 q - a +2 mace of protection (weapon)
Missiles
 b - 53 stones (quivered)
 j - 3 poisoned darts
Armour
 c - a +0 robe (worn)
 m - a +0 pair of gloves (worn)
Jewellery
 p - a ring of protection from fire (left hand)
 r - a +6 ring of intelligence (right hand)
Scrolls
 a - a scroll of remove curse {unknown}
 g - a scroll of enchant weapon {unknown}
 i - a scroll of teleportation {unknown}
 k - a scroll of amnesia {unknown}
 l - a scroll of random uselessness {unknown}
 n - 2 scrolls of identify {unknown}
Potions
 e - a potion of experience {unknown}
 f - a potion of heal wounds {unknown}
 o - 3 potions of curing {unknown}
 t - a potion of might {unknown}
 u - a potion of lignification {unknown}
Comestibles
 d - 12 rations


   Skills:
 - Level 0.7 Maces & Flails
 - Level 1.9 Dodging
 - Level 2.6 Stealth
 * Level 3.4 Spellcasting
   Level 0.7 Transmutations
 + Level 4.7 Earth Magic


You had 5 spell levels left.
You knew the following spells:

 Your Spells              Type           Power        Failure   Level  Hunger
a - Sandblast             Erth           ####..       1%          1    None
b - Stone Arrow           Conj/Erth      ##....       13%         3    ###....

Your spell library contained the following spells:

 Spells                   Type           Power        Failure   Level  Hunger
 Passwall                 Tmut/Erth      ###.....     5%          2    ##.....
 Petrify                  Tmut/Erth      ###.....     34%         4    ####...
 Lee's Rapid Deconstruct  Erth           ####......   41%         5    ######.


Dungeon Overview and Level Annotations

Branches:
Dungeon (3/15)

Altars:
Beogh

Annotations:
D:2 free loot with dig


Innate Abilities, Weirdness & Mutations

You are resistant to torment.
Your stone body is resilient. (AC +3)
You are immune to poison.
You resist negative energy. (rN+)
You are resistant to electric shocks. (rElec)
You can survive without breathing.
You are immune to petrification.
You are immune to rotting.


Message History

Press: ? - help, Shift-Dir - straight line, f/p - orc priest
Aim: an orc priest, wielding a +0 flail and wearing a +0 ring mail The blast of sand hits something!
Reactivating autopickup.
You feel a bit more experienced.
b - 54 stones
Casting: Sandblast (safe; 1% risk of failure)
Confirm with . or Enter, or press ? or * to list all spells.
Aiming: Sandblast (safe; 1% risk of failure)
Press: ? - help, Shift-Dir - straight line, f/p - orc priest
Aim: an orc priest, wielding a +0 flail and wearing a +0 ring mail The blast of sand hits the orc priest but does no damage.
b - 53 stones The orc priest calls down the wrath of Beogh upon you.
Pain shoots through your body!
It was a potion of magic.
Magic courses through your body.
The orc priest calls down the wrath of Beogh upon you.
Beogh smites you!
Ouch! That really hurt!
You die...

#.).##.####.#.######
##..)...##.....#...##
########........#.#...#.#..#
..(......#.####.#=#........#
##.#...#.....# #.##.##.#..#
.......#.o.#.# #.##.##.#..#
...#...#.#.#... #.#####.#..#
.......#.#.######..........#
.#........oo@..########.##)##
......##.#.#.........##.##...
.#.#.# #.#.###.#####.##.##...
..#.# #.# #.##.##... ####.#
#.# #.##.##.÷. ..#
#.#####.##.##).. ###
#.......##.##...
................
##########.##...


You could see 2 orc priests.

Vanquished Creatures
  An orc wizard (D:3)
  A gnoll (D:1)
  4 adders
  2 leopard geckos
  3 orcs (D:3)
  2 giant cockroaches (D:2)
  4 goblins
  7 hobgoblins
  2 ball pythons
  8 kobolds
  A rat (D:2)
35 creatures vanquished.

Notes
Turn   | Place    | Note
-------+----------+-------------------------------------------
     0 | D:1      | TheOvate the Gargoyle Earth Elementalist began the quest
                  | for the Orb.
     0 | D:1      | Reached XP level 1. HP: 10/10 MP: 3/3
   360 | D:1      | Reached XP level 2. HP: 15/15 MP: 3/5
   515 | D:1      | Reached skill level 4 in Earth Magic
   931 | D:1      | Reached XP level 3. HP: 19/19 MP: 4/6
  1000 | D:1      | Learned a level 3 spell: Stone Arrow
  1809 | D:3      | Reached XP level 4. HP: 19/24 MP: 0/8
  2174 | D:3      | Found a roughly hewn altar of Beogh.
  2194 | D:3      | Killed from afar by an orc priest

Levels and vault maps discovered:
D:1:      onia_arrival_pentagram, layout_basic
D:2:      layout_rooms, first_ration, serial_glass, glass_columns_b,
          glass_columns_c, glass_columns_b, glass_columns_c, glass_columns_a,
          glass_columns_b, glass_columns_a, glass_columns_a,
          minmay_strange_pillars, due_unseen_surprise, minmay_strange_pillars
D:3:      layout_basic, kennysheep_orc_chapel

Skill      XL: |  1  2  3  4 |
---------------+-------------+-----
Earth Magic    | 4 |  4.7
Spellcasting   | 3 |  3.4
Maces & Flails | |  0.7
Dodging        | |  1.9
Stealth        | |  2.6
Transmutations | |  0.7

Action                   |  1- 3 |  4- 6 || total
-------------------------+-------+-------++-------
Melee: Unarmed           |     9 |       ||     9
       Whip              |    30 |       ||    30
 Cast: Sandblast         |    35 |    17 ||    52
  Use: Potion            |       |     1 ||     1
 Stab: Sleeping          |     3 |       ||     3
  Eat: Chunk             |     2 |     2 ||     4
Armor: Robe              |    13 |     2 ||    15
Dodge: Dodged            |    36 |     5 ||    41

Table legend:
 A = Non-vault XP
 B = Vault XP
 C = Vault XP percentage of total XP
 D = Non-vault monster count
 E = Vault monster count
 F = Vault count percentage of total count
                 A         B        C        D         E       F
            +---------+---------+-------+---------+---------+-------
      Total |     122 |      38 |  23.8 |      33 |       2 |   5.7
            +---------+---------+-------+---------+---------+-------
        D:1 |      36 |       0 |   0.0 |      13 |       0 |   0.0
        D:2 |      25 |       0 |   0.0 |       8 |       0 |   0.0
        D:3 |      61 |      38 |  38.4 |      12 |       2 |  14.3
            +---------+---------+-------+---------+---------+-------
